 Dungeon Crawl Stone Soup version 0.29.1-1-gd02db6906a (webtiles) character file.

Game seed: 1517226988143384508

3973 virigoth the Cruncher (level 10, -14/73 HPs)
             Began as a Demonspawn Gladiator on Sept 18, 2022.
             Was a Priest of Okawaru.
             Demolished by a cyclops (28 damage)
             ... on level 7 of the Dungeon on Sept 19, 2022.
             The game lasted 00:34:25 (8805 turns).

virigoth the Cruncher (Demonspawn Gladiator)        Turns: 8805, Time: 00:34:27

Health: -14/73     AC: 13    Str: 29    XL:     10   Next: 2%
Magic:  7/10       EV: 15    Int:  8    God:    Okawaru [***...]
Gold:   254        SH:  0    Dex: 14    Spells: 9/9 levels left

rFire   . . .      SeeInvis .   a - +1 lajatang (elec)
rCold   . . .      Faith    .   (shield currently unavailable)
rNeg    + . .      Spirit   .   t - +3 ring mail
rPois   .          Reflect  .   c - +0 helmet
rElec   .          Harm     .   (no cloak)
rCorr   .          Rampage  .   (no gloves)
Will    .....                   (no boots)
Stlth   ++........              (no amulet)
HPRegen 0.22/turn               B - ring of positive energy
MPRegen 0.12/turn               y - +6 ring of strength

@: mighty, heroic
A: hooves 2, icy blue scales 2, (demonic guardian 1), powered by pain 2, passive
freeze, strong 1
a: Renounce Religion, Heroism


You were on level 7 of the Dungeon.
You worshipped Okawaru.
Okawaru was most pleased with you.
You visited 2 branches of the dungeon, and saw 8 of its levels.
You also visited: Bailey.

You collected 298 gold pieces.
You spent 44 gold pieces at shops.

Inventory:

Hand Weapons
 a - a +1 lajatang of electrocution (weapon)
 r - a +0 short sword of draining
 u - a +1 dagger of protection
 F - a +1 flail of protection
 N - a +2 long sword of freezing
 O - a +3 dire flail
Missiles
 d - 2 throwing nets
 e - 4 javelins (quivered)
 E - 2 atropa-tipped darts
 K - 3 boomerangs
Armour
 b - a +0 pair of boots
 c - a +0 helmet (worn)
 t - a +3 ring mail (worn)
 x - a +0 chain mail
 R - a +0 plate armour
Magical Staves
 n - a staff of earth
 o - a staff of air
 q - a staff of death
 Q - a staff of death
Jewellery
 p - a ring of willpower
 v - a ring of willpower
 y - a +6 ring of strength (right hand)
 B - a ring of positive energy (left hand)
Wands
 L - a wand of digging (5)
Scrolls
 k - 5 scrolls of teleportation
 C - a scroll of fear
 G - a scroll of brand weapon
 H - a scroll of blinking
 I - a scroll of amnesia
 M - 2 scrolls of poison
Potions
 f - 3 potions of curing
 g - 2 potions of lignification
 h - 3 potions of attraction
 j - a potion of invisibility
 l - 2 potions of brilliance
 m - a potion of berserk rage {unknown}
 s - a potion of might
 D - a potion of magic
Miscellaneous
 T - a phial of floods


   Skills:
 + Level 4.8(9.8) Fighting
 * Level 11.8(16.8) Staves
 - Level 5.2(10.2) Throwing
 - Level 3.0(8.0) Dodging


You had 9 spell levels left.
You didn't know any spells.
Your spell library was empty.

Dungeon Overview and Level Annotations

Branches:
Dungeon (7/15)             Temple (1/1) D:5          Bailey (visited)

Altars:
Hepliaklqana
Makhleb
Nemelex Xobeh
Okawaru
Trog
Vehumet
Xom

Shops:
D:5 (

Annotations:
D:4 Eustachio


Innate Abilities, Weirdness & Mutations

You have hoof-like feet.
You are mostly covered in icy blue scales. (AC +3)
((A weak demonic guardian rushes to your aid.))
You sometimes gain power by taking damage.
A frigid envelope surrounds you and freezes all who hurt you.
Your muscles are strong. (Str +4, Int/Dex -1)


Message History

The komodo dragon closely misses you.
You hit the komodo dragon but do no damage.
Lightning courses through the komodo dragon!
You kick the komodo dragon.
The komodo dragon is heavily wounded.
You closely miss the komodo dragon.
You kick the komodo dragon, but do no damage.
The komodo dragon is heavily wounded.
The komodo dragon bites you!!
You focus on the pain.
You feel very mighty all of a sudden.
The komodo dragon is very cold.
The komodo dragon seems to slow down.
The komodo dragon is severely wounded.
You gain the combat prowess of a mighty hero.
The komodo dragon closely misses you.
You hit the komodo dragon. Your kick misses the komodo dragon.
The komodo dragon is almost dead.
You slice the komodo dragon!!
Lightning courses through the komodo dragon!
You kill the komodo dragon!
Okawaru accepts your kill.
The cyclops throws a large rock.
The large rock barely misses you.
You have reached level 10!
A troll comes into view.
Things that are here:
a +0 troll leather armour; a komodo dragon corpse; a troll corpse You barely miss the cyclops.
You kick the cyclops!
The cyclops is lightly wounded.
The cyclops hits you!
* * * LOW HITPOINT WARNING * * *
The cyclops is very cold.
The cyclops is moderately wounded.
The troll barely misses you. The troll closely misses you.
The troll misses you.
You feel better. The troll closely misses you. The troll barely misses you.
The troll claws you!
* * * LOW HITPOINT WARNING * * *
The troll is very cold.
The troll is moderately wounded.
The cyclops hits you!!
You die...

##..........#
##.........<.#
##.........<#.####
###..##.#....##....##
.##.........##..>..###
.##../...............
.##................. ##
#.#.#####.#.#....###
.#...#.#@# #...........
.......TC# #..~≈~~~~~~~
)))....#.# #..~≈≈≈~~≈≈≈
)"=)##.#.# #..~##'')##≈
### .##.# ###..~#)))).#~
.##..###....~#∩...>#≈
.##....##.#..~#######~
.### #......#.~~~≈≈~~~~
.....##......#..........


You could see a cyclops and a troll.

Vanquished Creatures
  An orc knight (Bailey)
  A komodo dragon (D:7)
  A troll (D:7)
  2 water moccasins
  8 orc warriors (Bailey)
  2 ice beasts
  A sky beast (D:6)
  3 ogres
  A centaur (D:6)
  A phantom (D:3)
  A necrophage (D:4)
  2 bullfrogs (D:6)
  2 scorpions (D:5)
  5 wights (D:6)
  3 killer bees (D:6)
  4 hounds
  Jessica (D:3)
  Terence (D:3)
  6 iguanas
  5 orc wizards
  11 gnolls
  4 adders
  A white imp (D:7)
  An ufetubus (D:6)
  2 worms
  2 dart slugs
  33 orcs
  6 ball pythons
  8 bats
  An endoplasm (D:3)
  3 giant cockroaches
  8 goblins
  2 hobgoblins
  4 quokkas
  A frilled lizard (D:3)
  6 kobolds
  4 rats
148 creatures vanquished.

Notes
Turn   | Place    | Note
-------+----------+-------------------------------------------
     0 | D:1      | virigoth the Demonspawn Gladiator began the quest for the
                  | Orb.
     0 | D:1      | Reached XP level 1. HP: 16/16 MP: 1/1
    93 | D:1      | Found a faded altar of an unknown god.
   207 | D:1      | Gained mutation: You are partially covered in icy blue
                  | scales. (AC +2) [demonic ancestry]
   207 | D:1      | Reached XP level 2. HP: 14/22 MP: 2/2
  1395 | D:2      | Reached skill level 3 in Staves
  1783 | D:3      | Gained mutation: You sometimes gain a little power by
                  | taking damage. [demonic ancestry]
  1783 | D:3      | Reached XP level 3. HP: 28/28 MP: 3/3
  2475 | D:4      | Reached skill level 4 in Staves
  2475 | D:4      | Gained mutation: You have large cloven feet. [demonic
                  | ancestry]
  2475 | D:4      | Reached XP level 4. HP: 32/34 MP: 4/4
  2905 | D:3      | Noticed Jessica
  2912 | D:3      | Killed Jessica
  2913 | D:3      | Gained mutation: You are mostly covered in icy blue scales.
                  | (AC +3) [demonic ancestry]
  2913 | D:3      | Reached XP level 5. HP: 38/39 MP: 5/5
  2979 | D:3      | Found a bloodstained altar of Trog.
  2997 | D:3      | Noticed a phantom
  3010 | D:3      | Killed a phantom
  3011 | D:3      | Reached skill level 5 in Staves
  3051 | D:3      | Noticed Terence
  3068 | D:3      | Killed Terence
  3135 | D:3      | Gained mutation: You sometimes gain power by taking damage.
                  | [demonic ancestry]
  3135 | D:3      | Reached XP level 6. HP: 22/45 MP: 6/6
  3568 | D:4      | Reached skill level 6 in Staves
  4253 | D:4      | Noticed Eustachio
  4287 | D:5      | Entered Level 5 of the Dungeon
  4294 | D:5      | Reached skill level 7 in Staves
  4294 | D:5      | Gained mutation: A weak demonic guardian rushes to your
                  | aid. [demonic ancestry]
  4294 | D:5      | Reached XP level 7. HP: 23/51 MP: 7/7
  4550 | D:5      | Found a staircase to the Ecumenical Temple.
  4567 | Temple   | Entered the Ecumenical Temple
  4850 | Temple   | Became a worshipper of Warmaster Okawaru
  5073 | D:5      | Found Ziyki's Weapon Shop.
  5085 | D:5      | Reached skill level 8 in Staves
  5099 | D:5      | Bought 4 javelins for 44 gold pieces
  5813 | D:6      | Gained mutation: You have hoof-like feet. [demonic
                  | ancestry]
  5813 | D:6      | Reached XP level 8. HP: 49/57 MP: 8/8
  5815 | D:6      | Gained mutation: A frigid envelope surrounds you and
                  | freezes all who hurt you. [potion of mutation]
  5815 | D:6      | Gained mutation: Your muscles are strong. (Str +4, Int/Dex
                  | -1) [potion of mutation]
  5968 | D:6      | Reached * piety under Okawaru
  5988 | D:6      | Reached skill level 9 in Staves
  6576 | D:6      | Reached ** piety under Okawaru
  6577 | D:6      | Reached skill level 10 in Staves
  6755 | D:6      | Reached XP level 9. HP: 55/62 MP: 9/9
  7277 | D:7      | Found a flagged portal.
  7290 | Bailey   | Entered a bailey
  7312 | Bailey   | Reached skill level 5 in Throwing
  8182 | Bailey   | Noticed an orc knight
  8195 | Bailey   | HP: 2/64 [orc knight/+0 glaive (19)]
  8493 | Bailey   | Killed an orc knight
  8494 | Bailey   | Reached skill level 11 in Staves
  8714 | Bailey   | Acquired a +1 spectral lajatang
  8784 | D:7      | Noticed a komodo dragon
  8784 | D:7      | Noticed a troll
  8785 | D:7      | Noticed a cyclops
  8790 | D:7      | Killed a troll
  8790 | D:7      | Reached *** piety under Okawaru
  8802 | D:7      | Killed a komodo dragon
  8803 | D:7      | Reached XP level 10. HP: 24/73 MP: 7/10
  8805 | D:7      | Demolished by a cyclops

Illustrated notes

Levels and vault maps discovered:
D:1:      sevenhm_arrival_forest_fort_large_1, layout_basic,
          nicolae_ecumenical_lake_church, kennysheep_crisscross
D:2:      layout_loops_ring
D:3:      layout_basic, mainiacjoe_overflow_tiny_flanked,
          kennysheep_jessica_study, uniq_terence
D:4:      layout_cave_pods, hex_tiny, palyth_stone_intersect, uniq_eustachio
D:5:      layout_loops_ring, minmay_temple_entry_waves, serial_shops,
          nicolae_shop_bloodbath_and_beyond
D:6:      layout_basic
D:7:      minmay_the_grid_octo_2x2 [minmay_the_grid_octo_concentric,
          minmay_the_grid_octo_empty, minmay_the_grid_octo_odd_swirl,
          minmay_the_grid_octo_prize_ultimate_mussel_roller], layout_loops_ring,
          gammafunk_ghost_wrathful_warriors, enter_bailey_4
Temple:   nicolae_temple_great_sept

Skill      XL: |  1  2  3  4  5  6  7  8  9 |
---------------+----------------------------+-----
Throwing       | 2 4 5 |  5.2
Dodging        | 3 |  3.0
Staves         | 3 4 5 7 8 10 11 | 11.8
Fighting       | 4 |  4.8

Action                   |  1- 3 |  4- 6 |  7- 9 | 10-12 || total
-------------------------+-------+-------+-------+-------++-------
Melee: Quarterstaff      |    77 |   120 |   211 |       ||   408
       Kick              |       |    12 |    83 |     1 ||    96
       Lajatang          |       |       |    15 |     1 ||    16
Throw: Throwing net      |     1 |     2 |       |       ||     3
       Javelin           |       |       |    16 |       ||    16
Invok: Heroism           |       |       |     6 |       ||     6
Evoke: Wand              |       |       |     1 |       ||     1
  Use: Scroll            |     6 |     9 |     7 |       ||    22
       Potion            |       |     2 |     7 |     1 ||    10
 Stab: Sleeping          |     1 |       |       |       ||     1
Armor: Leather armour    |    25 |       |       |       ||    25
       Chain mail        |    32 |    62 |    84 |       ||   178
       Ring mail         |       |       |    15 |       ||    15
Dodge: Dodged            |    51 |    62 |   164 |     5 ||   282
